 Dungeon Crawl Stone Soup version 0.16.1 (webtiles) character file.

8529 Fluffy the Cleaver (level 11, -2/99 HPs)
             Began as a Hill Orc Fighter on Mar 23, 2015.
             Was an Elder of Qazlal.
             Slain by Urug
             ... wielding a +2 war axe of flaming
              (8 damage)
             ... on level 11 of the Dungeon.
             The game lasted 00:34:33 (11417 turns).

Fluffy the Cleaver (Hill Orc Fighter)              Turns: 11417, Time: 00:34:33

Health: -2/99      AC: 16    Str: 23    XL:     11   Next: 32%
Magic:  24/24      EV:  3    Int:  8    God:    Qazlal [****..]
Gold:   614        SH: 12    Dex: 10    Spells: 0 memorised, 10 levels left

rFire  . . .     SeeInvis +     a - +1 war axe (chop)
rCold  . . .     Clarity  .     D - +0 plate armour (curse)
rNeg   . . .     SustAb   .     c - +0 shield
rPois  .         Gourm    .     q - +0 helmet (curse)
rElec  .         Spirit   .     x - +0 cloak (curse)
rCorr  .         Warding  .     (no gloves)
rMut   .         Stasis   .     o - +2 pair of boots
MR     .....                    (no amulet)
Stlth  ..........               K - ring of see invisible
                                B - ring of invisibility (curse)

@: repel missiles, very heavily drained, not resistant to hostile enchantments,
extremely unstealthy
A: mutation resistance 2
a: Upheaval, Elemental Force, Renounce Religion, Evoke Invisibility


You were on level 11 of the Dungeon.
You worshipped Qazlal.
Qazlal was greatly pleased with you.
You were not hungry.

You visited 2 branches of the dungeon, and saw 12 of its levels.
You also visited: Ossuary.

You collected 614 gold pieces.

Inventory:

Hand weapons
 a - a +1 war axe of chopping (weapon)
Armour
 c - a +0 shield (worn)
 o - a +2 pair of boots (worn)
 q - a cursed +0 helmet (worn)
 x - a cursed +0 cloak (worn)
 D - a cursed +0 plate armour (worn)
Jewellery
 B - a cursed ring of invisibility (left hand)
 K - a ring of see invisible (right hand)
Magical devices
 m - a wand of teleportation (9)
 n - a wand of draining (0)
 t - a wand of invisibility (0)
 A - a wand of paralysis (10)
 C - a wand of lightning (4)
Scrolls
 f - 5 scrolls of teleportation
 g - 9 scrolls of remove curse
 h - 4 scrolls of recharging
 l - 5 scrolls of enchant weapon
 s - a scroll of magic mapping
 y - 3 scrolls of enchant armour
 J - 2 scrolls of identify
Potions
 b - 2 potions of curing
 e - 2 potions of might
 i - 2 potions of magic
 k - 3 potions of mutation
 w - 2 potions of heal wounds
 E - 3 potions of invisibility
 F - 5 potions of restore abilities
 I - a potion of flight
Comestibles
 d - 6 meat rations
 j - 2 slices of pizza
 u - 7 bread rations
 v - 2 royal jellies
 G - 2 beef jerkies


   Skills:
 + Level 10.1(3.2) Fighting
 + Level 13.6(6.1) Axes
 + Level 9.4(2.6) Armour
 - Level 3.2(0.0) Shields
 + Level 10.0(3.1) Invocations


You had 10 spell levels left.
You didn't know any spells.

Dungeon Overview and Level Annotations

Branches:
Dungeon (11/15)            Temple (1/1) D:4            Lair (0/8) D:11
    Orc: D:9-12

Altars:
Ashenzari
Cheibriados
Dithmenos
Elyvilon
Fedhas
Gozag
Kikubaaqudgha
Makhleb
Nemelex Xobeh
Okawaru
Qazlal
Ru
Sif Muna
Trog
Vehumet
Xom
Yredelemnul
Zin
The Shining One

Annotations:
D:11 Urug


Innate Abilities, Weirdness & Mutations

You are somewhat resistant to both further mutation and mutation removal.


Message History

Urug hits you with a war axe of flaming.
Urug burns you.
You hit Urug!
Urug is heavily wounded.
Urug hits you with a war axe of flaming.
* * * LOW HITPOINT WARNING * * *
Urug burns you.
* * * LOW HITPOINT WARNING * * *
You hit Urug!
Urug is severely wounded.
You block Urug's attack.
You closely miss Urug.
Urug is severely wounded.
Urug completely misses you.
You hit Urug!
Urug is severely wounded.
Urug hits you with a war axe of flaming!!
* * * LOW HITPOINT WARNING * * *
Urug burns you!
You die...

..# #..#.# ###
##.#.#
######...#########
.........#......(#
#######..#.#####.#
#####..#.#..##(#
#....§>#.#..##.#
#.###.##.#...#.#
#...§..##..#@#
#.#........#o#
#.#.......##!#
#.#.#####..#.#
#.#.# #§!#.#
#.#.#####..#.#
#.#....[...#.#
#..........#.#
############.#


You could see Urug.

Vanquished Creatures
  Gastronok (D:8)
  A hill giant (D:11)
  A cyclops (D:10)
  An ugly thing (D:9)
  Maurice (D:10)
  A kobold demonologist (D:11)
  2 trolls (D:9)
  Sonja (D:10)
  A deep elf mage (D:9)
  A spriggan (D:7)
  A wyvern (D:10)
  Grum (D:10)
  A deep elf fighter (D:11)
  A hippogriff (D:8)
  2 wolves
  2 hungry ghosts
  2 ice beasts
  A water moccasin (D:10)
  A black bear (D:9)
  An orc warrior (D:7)
  2 sky beasts
  A necrophage (D:6)
  2 crocodiles (D:11)
  8 ogres
  2 centaurs
  An elf zombie (Ossuary)
  3 giant frogs
  2 big kobolds
  2 wyvern zombies
  2 scorpions
  2 goliath beetles
  A quasit (D:5)
  A giant frog zombie (D:6)
  A jelly (D:8)
  3 crimson imps
  Crazy Yiuf (D:6)
  8 hounds
  2 human zombies (Ossuary)
  7 orc wizards
  2 centaur skeletons
  An orc priest (D:8)
  3 giant frog skeletons
  9 worker ants
  2 iguanas
  Ijyb (D:2)
  Jessica (D:2)
  2 hound zombies
  2 hound skeletons
  4 mummies (Ossuary)
  A worker ant zombie (D:8)
  Robin (D:2)
  12 adders
  4 gnolls (D:10)
  3 river rats (D:11)
  2 worms
  A shadow imp (D:5)
  An ufetubus (D:11)
  An adder zombie (Ossuary)
  2 oozes
  27 orcs
  27 bats
  2 bat skeletons
  A bat zombie (D:7)
  3 giant cockroaches
  A gnoll zombie (Ossuary)
  32 goblins
  19 hobgoblins
  8 jackals
  A ball python (D:3)
  5 giant geckos
  2 giant newts
  A hobgoblin zombie (Ossuary)
  24 kobolds
  2 kobold zombies (Ossuary)
  2 orc zombies (Ossuary)
  6 quokkas
  3 quokka skeletons
  20 rats
  2 rat zombies (Ossuary)
  18 ballistomycetes
  5 fungi (D:11)
  4 plants (D:11)
345 creatures vanquished.

Vanquished Creatures (others)
  5 giant spores
  3 fungi (D:11)
  2 plants (D:11)
10 creatures vanquished.

Grand Total: 355 creatures vanquished

Notes
Turn   | Place    | Note
--------------------------------------------------------------
     0 | D:1      | Fluffy, the Hill Orc Fighter, began the quest for the Orb.
     0 | D:1      | Reached XP level 1. HP: 19/19 MP: 1/1
    34 | D:1      | Reached XP level 2. HP: 21/26 MP: 2/2
   186 | D:1      | Reached skill level 4 in Axes
   424 | D:1      | Reached XP level 3. HP: 31/31 MP: 3/3
   713 | D:2      | Reached skill level 5 in Axes
   963 | D:2      | Noticed Jessica
   972 | D:2      | Killed Jessica
   972 | D:2      | Reached XP level 4. HP: 39/39 MP: 4/4
  1047 | D:2      | Noticed Ijyb
  1069 | D:2      | Killed Ijyb
  1069 | D:2      | Reached skill level 6 in Axes
  1094 | D:2      | Noticed Robin
  1124 | D:2      | Killed Robin
  1404 | D:2      | Reached XP level 5. HP: 45/45 MP: 5/5
  1775 | D:3      | Reached skill level 7 in Axes
  2648 | D:3      | Reached skill level 8 in Axes
  2698 | D:4      | Reached XP level 6. HP: 51/51 MP: 6/6
  2716 | D:4      | Noticed an ogre
  2723 | D:4      | HP: 1/51 [ogre/giant club (11)]
  2725 | D:4      | Killed an ogre
  3023 | D:4      | Found a basalt altar of Yredelemnul.
  3036 | D:4      | Reached skill level 9 in Axes
  3504 | D:4      | Found a staircase to the Ecumenical Temple.
  3516 | Temple   | Entered the Ecumenical Temple
  3614 | Temple   | Became a worshipper of Qazlal Stormbringer
  3644 | D:4      | Noticed an ogre
  3649 | D:4      | Killed an ogre
  3649 | D:4      | Reached skill level 1 in Invocations
  3649 | D:4      | Reached XP level 7. HP: 56/58 MP: 6/8
  3975 | D:5      | Entered Level 5 of the Dungeon
  4065 | D:5      | Found a sand-covered staircase.
  4077 | Ossuary  | Entered an ossuary
  4087 | Ossuary  | Acquired Qazlal's first power
  4097 | Ossuary  | Reached skill level 10 in Axes
  4099 | Ossuary  | Reached XP level 8. HP: 29/67 MP: 10/12
  4289 | Ossuary  | Reached skill level 5 in Fighting
  4646 | D:5      | Found a glowing silver altar of Zin.
  4905 | D:6      | Found a burning altar of Makhleb.
  4972 | D:6      | Found a blossoming altar of Fedhas.
  5008 | D:6      | Reached skill level 5 in Armour
  5108 | D:6      | Found an iron altar of Okawaru.
  5252 | D:6      | Found an opulent altar of Gozag.
  5353 | D:6      | Noticed Crazy Yiuf
  5360 | D:6      | Killed Crazy Yiuf
  5756 | D:7      | Reached skill level 5 in Invocations
  6020 | D:7      | Reached XP level 9. HP: 55/77 MP: 17/17
  6127 | D:7      | Found a sacrificial altar of Ru.
  6283 | D:7      | Acquired Qazlal's second power
  6330 | D:7      | Reached skill level 11 in Axes
  6714 | D:8      | You fall through a shaft for 3 floors!
  6765 | D:11     | Noticed a hill giant
  6778 | D:11     | Killed a hill giant
  6794 | D:11     | Noticed a red ugly thing
  6983 | D:10     | Entered Level 10 of the Dungeon
  6983 | D:10     | Noticed a cyclops
  6992 | D:10     | Found a shattered altar of Ashenzari.
  6996 | D:10     | Noticed Sonja
  7023 | D:10     | Noticed Grum
  7037 | D:10     | HP: 1/80 [wolf[Grum] (7)]
  7045 | D:9      | HP: 3/80 [wolf[Grum] (2)]
  7631 | D:8      | Reached skill level 12 in Axes
  7631 | D:8      | Reached XP level 10. HP: 88/88 MP: 21/21
  7645 | D:8      | Acquired Qazlal's third power
  7697 | D:8      | Found a bloodstained altar of Trog.
  8060 | D:8      | Noticed Gastronok
  8086 | D:8      | Killed Gastronok
  9161 | D:9      | Noticed a brown ugly thing
  9173 | D:9      | Killed a brown ugly thing
  9563 | D:9      | Reached skill level 13 in Axes
  9999 | D:10     | Reached XP level 11. HP: 97/97 MP: 24/24
 10044 | D:10     | HP: 4/97 [cyclops (14)]
 10048 | D:10     | Killed a cyclops
 10115 | D:10     | Noticed Maurice
 10320 | D:10     | Killed Maurice
 10773 | D:10     | Reached skill level 10 in Fighting
 10782 | D:10     | Killed Grum
 10973 | D:10     | Killed Sonja
 11107 | D:10     | Gained mutation: You are somewhat resistant to further mutation. [potion of beneficial mutation]
 11108 | D:10     | Gained mutation: You are somewhat resistant to both further mutation and mutation removal. [potion of beneficial mutation]
 11119 | D:10     | Acquired Qazlal's fourth power
 11172 | D:11     | Noticed a kobold demonologist
 11174 | D:11     | Found a staircase to the Lair.
 11182 | D:11     | Noticed a sun demon
 11184 | D:11     | Killed a kobold demonologist
 11322 | D:11     | Reached skill level 10 in Invocations
 11401 | D:11     | Noticed Urug
 11417 | D:11     | Slain by Urug

Action                   |  1- 3 |  4- 6 |  7- 9 | 10-12 || total
-------------------------+-------+-------+-------+-------++-------
Melee: War axe           |   122 |   242 |   468 |   438 ||  1270
Evoke: Wand              |       |       |       |     3 ||     3
  Use: Scroll            |       |       |    20 |     5 ||    25
       Potion            |       |       |     3 |     3 ||     6
  Eat: Chunk             |       |     9 |    12 |    13 ||    34
       Beef jerky        |       |       |     1 |       ||     1
       Fruit             |       |       |       |     3 ||     3
       Pizza             |       |       |       |     1 ||     1
